 Dungeon Crawl Stone Soup version 0.29-a0-1027-gcd8c55af63 (webtiles) character file.

Game seed: 10627555029405259043

1095 Turgor the Chopper (level 8, 0/62 HPs)
             Began as a Demonspawn Gladiator on Aug 12, 2022.
             Was an Initiate of Gozag.
             Slain by an ogre
             ... wielding a +0 giant club
              (22 damage)
             ... on level 6 of the Dungeon.
             The game lasted 00:17:11 (4456 turns).

Turgor the Chopper (Demonspawn Gladiator)           Turns: 4456, Time: 00:17:12

Health: 0/62       AC:  9    Str: 14    XL:     8   Next: 10%
Magic:  8/8        EV: 12    Int: 13    God:    Gozag
Gold:   760        SH:  0    Dex: 14    Spells: 7/7 levels left

rFire   . . .      SeeInvis .   a - +0 war axe
rCold   . . .      Faith    .   (no shield)
rNeg    . . .      Spirit   .   b - +0 leather armour
rPois   .          Reflect  .   c - +0 helmet
rElec   .          Harm     .   (no cloak)
rCorr   .          Rampage  .   (gloves unavailable)
Will    .....                   p - +0 pair of boots
Stlth   +.........              (no amulet)
HPRegen 0.20/turn               u - +4 ring of protection
MPRegen 0.11/turn               (no ring)

@: no status effects
A: claws 3, hooves 1, demonic magic 1
a: Renounce Religion, Potion Petition, Call Merchant, Bribe Branch


You were on level 6 of the Dungeon.
You worshipped Gozag.
Gozag was pleased with you.
You visited 1 branch of the dungeon, and saw 6 of its levels.

You collected 760 gold pieces.

Inventory:

Hand Weapons
 a - a +0 war axe (weapon)
Missiles
 d - 2 throwing nets
 e - a javelin
 i - 10 poisoned darts (quivered)
 n - a curare-tipped dart
Armour
 b - a +0 leather armour (worn)
 c - a +0 helmet (worn)
 p - a +0 pair of boots (worn)
Jewellery
 l - a +4 ring of evasion
 u - a +4 ring of protection (left claw)
Wands
 x - a wand of roots (5)
Scrolls
 h - 2 scrolls of enchant armour {unknown}
 j - 2 scrolls of noise {unknown}
 k - 3 scrolls of magic mapping {unknown}
 m - a scroll of teleportation {unknown}
 o - a scroll of blinking {unknown}
 q - a scroll of summoning {unknown}
 r - 3 scrolls of identify {unknown}
 s - 2 scrolls of torment {unknown}
 t - a scroll of immolation {unknown}
Potions
 g - a potion of berserk rage
 v - 2 potions of magic {unknown}
 w - a potion of mutation {unknown}
 z - a potion of heal wounds {unknown}


   Skills:
 + Level 5.0 Fighting
 + Level 6.7 Axes
 - Level 3.0 Throwing
 - Level 3.0 Armour
 - Level 3.0 Dodging
 * Level 0.5 Unarmed Combat


You had 7 spell levels left.
You didn't know any spells.
Your spell library contained the following spells:

 Spells                   Type           Power      Damage    Failure   Level
 Necrotise                Necr           0%         1d4       36%         1
 Shock                    Conj/Air       0%         1d3       36%         1
 Swiftness                Air            0%         N/A       75%         3
 Tukima's Dance           Hex            0%         N/A       75%         3
 Vampiric Draining        Necr           0%         2d6       75%         3
 Airstrike                Air            0%         2d(0-16)  98%         4
 Passage of Golubria      Tloc           0%         N/A       98%         4
 Agony                    Necr           0%         N/A       100%        5
 Yara's Violent Unravell  Hex/Tmut       0%         3d3       100%        5


Dungeon Overview and Level Annotations

Branches:
Dungeon (6/15)             Temple (0/1) D:4

Altars:
Gozag


Innate Abilities, Weirdness & Mutations

You have claws for hands.
You have large cloven feet.
Spells you cast may paralyse adjacent enemies.


Message History

You now have 760 gold pieces (gained 4).
There is a stone staircase leading up, spattered with blood here.
You barely miss the bullfrog. The bullfrog hits you.
The bullfrog hits you but does no damage.
You hit the bullfrog.
The bullfrog is lightly wounded.
The bullfrog hits you but does no damage.
You closely miss the bullfrog.
The bullfrog is lightly wounded.
The bullfrog barely misses you.
The bullfrog hits you but does no damage.
You completely miss the bullfrog.
The bullfrog is lightly wounded.
You barely miss the ogre. The bullfrog hits you!
The ogre hits you but does no damage. The bullfrog barely misses you.
You hit the bullfrog but do no damage.
The bullfrog is lightly wounded.
You hit the ogre.
The bullfrog hits you but does no damage.
The ogre misses you. The bullfrog hits you.
You barely miss the bullfrog.
The bullfrog is lightly wounded.
You slash the ogre!
The bullfrog hits you but does no damage.
The ogre misses you.
You slash the bullfrog!
The bullfrog is severely wounded.
You hit the ogre but do no damage.
The bullfrog hits you but does no damage.
The bullfrog hits you!
You closely miss the bullfrog.
The bullfrog is severely wounded.
You barely miss the ogre. The bullfrog hits you. The ogre misses you.
The bullfrog hits you.
You hit the ogre.
The ogre is heavily wounded.
You hit the bullfrog. The bullfrog barely misses you.
The ogre hits you with a +0 giant club!!
You die...
Your body crumbles into a pile of gold.

..#..........##
.......^......#.
..[.............
................
...............
............#
#....OF.#
...##.@.##
...........#
...#.........#
......#....##
..##........# .
.........##
...........
....#.##.###
..## ###


You could see an ogre and a bullfrog.

Vanquished Creatures
  3 yaks (D:5)
  An ogre (D:4)
  A black bear (D:5)
  A kobold brigand (D:3)
  A gnoll sergeant (D:5)
  A necrophage (D:5)
  A jelly (D:5)
  An iguana (D:6)
  7 gnolls
  5 adders
  A shadow imp (D:5)
  An ufetubus (D:4)
  2 worms (D:2)
  8 dart slugs
  An orc (D:3)
  8 endoplasms
  3 giant cockroaches
  5 goblins
  7 hobgoblins
  2 jackals (D:2)
  3 quokkas
  7 ball pythons
  10 bats
  5 frilled lizards
  7 kobolds
  A rat (D:2)
93 creatures vanquished.

Vanquished Creatures (others)
  10 plants
10 creatures vanquished.

Grand Total: 103 creatures vanquished

Notes
Turn   | Place    | Note
-------+----------+-------------------------------------------
     0 | D:1      | Turgor the Demonspawn Gladiator began the quest for the
                  | Orb.
     0 | D:1      | Reached XP level 1. HP: 16/16 MP: 1/1
   120 | D:1      | Discovered your monstrous ancestry.
   120 | D:1      | Gained mutation: You have sharp fingernails. [demonic
                  | ancestry]
   120 | D:1      | Reached XP level 2. HP: 22/22 MP: 2/2
   215 | D:1      | Found a faded altar of an unknown god.
   219 | D:1      | Prayed at the altar of an unknown god.
   219 | D:1      | Became a worshipper of Gozag Ym Sagoz the Greedy
   231 | D:1      | Reached skill level 3 in Axes
  1121 | D:2      | Reached XP level 3. HP: 21/27 MP: 3/3
  1363 | D:2      | Reached skill level 1 in Armour
  1766 | D:2      | Gained mutation: You have very sharp fingernails. [demonic
                  | ancestry]
  1766 | D:2      | Reached XP level 4. HP: 34/34 MP: 4/4
  2367 | D:3      | Noticed a kobold brigand
  2389 | D:3      | Killed a kobold brigand
  2390 | D:3      | Reached skill level 4 in Axes
  2390 | D:3      | Reached XP level 5. HP: 13/41 MP: 5/5
  3148 | D:4      | Noticed an ogre
  3161 | D:4      | Killed an ogre
  3162 | D:4      | Gained mutation: Spells you cast may paralyse adjacent
                  | enemies. [demonic ancestry]
  3162 | D:4      | Reached XP level 6. HP: 47/47 MP: 6/6
  3300 | D:4      | Found a staircase to the Ecumenical Temple.
  3653 | D:5      | Entered Level 5 of the Dungeon
  3717 | D:5      | Reached skill level 5 in Axes
  3860 | D:5      | Noticed a yak
  3860 | D:5      | Noticed a yak
  3860 | D:5      | Noticed a yak
  3877 | D:5      | Killed a yak
  3878 | D:5      | Gained mutation: You have claws for hands. [demonic
                  | ancestry]
  3878 | D:5      | Reached XP level 7. HP: 48/54 MP: 7/7
  3889 | D:5      | Killed a yak
  3890 | D:5      | Reached skill level 6 in Axes
  3905 | D:5      | HP: 2/55 [yak (11)]
  3908 | D:5      | Killed a yak
  4221 | D:5      | Gained mutation: You have large cloven feet. [demonic
                  | ancestry]
  4221 | D:5      | Reached XP level 8. HP: 56/61 MP: 8/8
  4251 | D:6      | Reached skill level 5 in Fighting
  4456 | D:6      | Slain by an ogre

Illustrated notes

Levels and vault maps discovered:
D:1:      nicolae_arrival_washed_ashore, layout_loops_ring,
          shapermc_ecumenical_altar_venn
D:2:      layout_basic, serial_bayou_pond_d
D:3:      layout_basic
D:4:      layout_basic, lemuel_temple_firewalk_b
D:5:      layout_basic, nemelex_xobeh_ov_fountains_minmay, serial_bayou_crossing
D:6:      layout_cave_pools, serial_shops, shop_fountains, minmay_puff,
          uniq_menkaure, uniq_pikel

Skill      XL: |  1  2  3  4  5  6  7  8 |
---------------+-------------------------+-----
Axes           | 3 4 5 6 |  6.7
Throwing       | 2 3 |  3.0
Armour         | 1 2 3 |  3.0
Dodging        | 3 |  3.0
Fighting       | 3 4 5 |  5.0
Unarmed Combat | |  0.5

Action                   |  1- 3 |  4- 6 |  7- 9 || total
-------------------------+-------+-------+-------++-------
Melee: War axe           |   111 |   112 |    72 ||   295
       Punch             |     2 |     1 |       ||     3
Throw: Throwing net      |       |     1 |       ||     1
       Dart              |       |     7 |       ||     7
       Javelin           |       |     1 |       ||     1
Evoke: Wand              |       |     3 |       ||     3
  Use: Scroll            |       |     2 |       ||     2
       Potion            |       |     1 |     5 ||     6
 Stab: Sleeping          |     2 |     1 |       ||     3
       Distracted        |       |       |     1 ||     1
Armor: Leather armour    |    47 |    56 |    19 ||   122
Dodge: Dodged            |    78 |    77 |    42 ||   197

Table legend: (Time is in decaauts)
 A = Elapsed time spent in this place.
 B = Non-inter-level travel time spent in this place.
 C = Inter-level travel time spent in this place.
 D = Time resting spent in this place.
 E = Time spent auto-exploring this place.
 F = Levels seen in this place.
 G = Mean time per level.
                   A        B        C        D        E       F      G
               +--------+--------+--------+--------+--------+-----+--------+
         Total |   4551 |   4435 |    116 |    468 |   3148 |   6 |  758.5 |
       Dungeon |   4551 |   4435 |    116 |    468 |   3148 |   6 |  758.5 |
               +--------+--------+--------+--------+--------+-----+--------+

Top non-repeatable levels by time:
     D:1: 1127 daAuts
     D:3: 904 daAuts
     D:4: 896 daAuts
     D:2: 786 daAuts
     D:6: 456 daAuts
     D:5: 380 daAuts
